 Dungeon Crawl Stone Soup version 0.19.0-19-g8c6edcc (webtiles) character file.

312 esc the Sneak (level 6, 0/30 HPs)
             Began as a Spriggan Enchanter on Nov 15, 2016.
             Was an Initiate of Ru.
             Killed from afar by an orc wizard (8 damage)
             ... with a magic dart
             ... on level 4 of the Dungeon.
             The game lasted 00:15:34 (3542 turns).

esc the Sneak (Spriggan Enchanter)                  Turns: 3542, Time: 00:15:35

Health: 0/30       AC:  6    Str:  4    XL:     6   Next: 18%
Magic:  2/12       EV: 20    Int: 18    God:    Ru [......]
Gold:   221        SH:  0    Dex: 15    Spells: 2 memorised, 7 levels left

rFire  . . .     SeeInvis +     a - +1 dagger
rCold  . . .     Gourm    .     b - +1 robe
rNeg   . . .     Faith    .     (shield restricted)
rPois  .         Spirit   .     (helmet restricted)
rElec  .         Reflect  .     j - +1 cloak
rCorr  .         Harm     .     (gloves unavailable)
MR     +....                    (boots unavailable)
Stlth  +++.......               (no amulet)
                                m - +1 ring of protection
                                g - -2 ring of dexterity (curse)

@: very slightly contaminated, very quick
A: unfitting armour, see invisible, herbivore 3, speed 3, slow metabolism 2,
missing an eye
a: Renounce Religion


You were on level 4 of the Dungeon.
You worshipped Ru.
Ru was noncommittal.
You were not hungry.

You visited 1 branch of the dungeon, and saw 4 of its levels.

You collected 221 gold pieces.

Inventory:

Hand Weapons
 a - a +1 dagger (weapon)
 s - a +0 blowgun
   (You took it off a kobold on level 3 of the Dungeon)
Missiles
 e - a throwing net {=f, !d}
 l - 3 curare-tipped needles
 t - 28 poisoned needles
Armour
 b - a +1 robe (worn)
 j - a +1 cloak (worn)
   (You found it on level 1 of the Dungeon)
Jewellery
 g - a cursed -2 ring of dexterity (left hand)
   (You found it on level 1 of the Dungeon)
 m - a +1 ring of protection (right hand)
   (You found it on level 2 of the Dungeon)
 o - an uncursed ring of ice {unknown}
   (You found it on level 3 of the Dungeon)
Scrolls
 d - a scroll of enchant armour
 f - 2 scrolls of identify
 n - 3 scrolls of fog
Potions
 h - a potion of curing
 i - a potion of haste
 k - a potion of agility
 p - 2 potions of lignification {!q}
 q - a potion of might
 r - a potion of resistance
Books
 c - a book of Maledictions
Comestibles
 u - a bread ration {@e1}


   Skills:
 + Level 2.1 Fighting
 + Level 2.8 Short Blades
 + Level 4.6 Dodging
 + Level 6.2 Stealth
 + Level 3.7 Spellcasting
 + Level 4.4 Hexes


You had 7 spell levels left.
You knew the following spells:

 Your Spells              Type           Power        Failure   Level  Hunger
a - Ensorcelled Hibernat  Hex/Ice        ##....       12%         2    ##.....
c - Confuse               Hex            ###.....     10%         3    ###....


Dungeon Overview and Level Annotations

Branches:
Dungeon (4/15)
 Temple: D:4-7

Altars:
Cheibriados
Dithmenos
Okawaru
Ru

Annotations:
D:4 Azzok's ghost, amateur GrFi


Innate Abilities, Weirdness & Mutations

You are very small and have problems with some larger weapons.
You are too small for most types of armour.
You have supernaturally acute eyesight. (SInv)
You are a herbivore.
You cover ground extremely quickly.
You need consume almost no food.
You are missing an eye, making it more difficult to aim.


Message History

You closely miss the orc wizard.
The orc wizard casts a spell.
The orc wizard blinks!
The orc wizard casts a spell.
You closely miss the orc wizard. The orc wizard hits you with a dagger.
You take 2 damage, and have 16/30 hp.
You closely miss the orc wizard.
The orc wizard hits you but does no damage.
You closely miss the orc wizard.
The orc wizard completely misses you. x2
You hit the orc wizard. The orc wizard misses you.
You barely miss the orc wizard.
The orc wizard gestures wildly while chanting.
You hit the orc wizard but do no damage.
The orc wizard gestures wildly while chanting.
The orc wizard points at you and mumbles some strange words.
The magic dart hits you!
You take 5 damage, and have 11/30 hp.
You hit the orc wizard but do no damage.
The orc wizard casts a spell at you.
You feel yourself slow down.
You barely miss the orc wizard. The orc wizard misses you.
The orc wizard hits you but does no damage.
You hit the orc wizard but do no damage.
The orc wizard misses you.
Aim: an orc wizard, wielding a dagger and wearing a robe (moderately wounded, fast, chance to defeat MR: 42%)
The orc wizard resists with some effort.
The orc wizard casts a spell at you. You resist with almost no effort.
The orc wizard completely misses you. x2
Your magical contamination has completely faded away.
You now have 0/12 mp.
You closely miss the orc wizard. The orc wizard completely misses you.
The orc wizard hits you but does no damage.
You hit the orc wizard but do no damage.
The orc wizard gestures wildly while chanting.
The orc wizard blinks!
You miss the orc. The orc barely misses you.
You miss the orc. The orc hits you but does no damage.
The orc wizard mumbles some strange words.
The orc wizard blinks!
You barely miss the orc.
The orc wizard is no longer moving quickly.
The orc completely misses you.
The orc wizard mumbles some strange words.
The orc wizard blinks!
The orc closely misses you.
You barely miss the orc. The orc closely misses you.
You hit the orc. The orc hits you with a hand axe.
You take 2 damage, and have 11/30 hp.
You hit the orc.
You kill the orc!
The orc wizard hits you with a dagger.
You take 1 damage, and have 10/30 hp.
You hit the orc wizard but do no damage.
The orc wizard hits you but does no damage.
You completely miss the orc wizard.
The orc wizard hits you but does no damage.
Aim: an orc wizard, wielding a dagger and wearing a robe (moderately wounded, chance to defeat MR: 42%)
You miscast Ensorcelled Hibernation.
You are very lightly contaminated with residual magic.
Nothing appears to happen.
The orc wizard casts a spell.
The orc wizard seems to speed up.
The orc wizard points at you and mumbles some strange words.
The magic dart hits you!
* * * LOW HITPOINT WARNING * * *
You take 3 damage, and have 7/30 hp.
You now have 0/12 mp.
You feel better.
The orc wizard hits you but does no damage.
The orc wizard barely misses you.
You regained 6 hp, and now have 13/30 hp.
You barely miss the orc wizard. The orc wizard closely misses you.
The orc wizard completely misses you.
You miss the orc wizard. The orc wizard closely misses you.
The orc wizard misses you.
You barely miss the orc wizard.
The orc wizard points at you and mumbles some strange words.
The magic dart hits you! The orc wizard closely misses you.
You take 3 damage, and have 11/30 hp.
You hit the orc wizard but do no damage.
The orc wizard hits you but does no damage.
You closely miss the orc wizard.
You feel yourself speed up.
The orc wizard hits you but does no damage.
The orc wizard barely misses you.
You closely miss the orc wizard. The orc wizard casts a spell at you.
The magic dart hits you!
* * * LOW HITPOINT WARNING * * *
The orc wizard barely misses you.
You take 4 damage, and have 7/30 hp.
You miss the orc wizard.
The orc wizard hits you but does no damage.
You barely miss the orc wizard. The orc wizard closely misses you.
You miss the orc wizard. The orc wizard completely misses you.
You barely miss the orc wizard. The orc wizard misses you.
The orc wizard closely misses you.
You completely miss the orc wizard. The orc wizard barely misses you.
You hit the orc wizard but do no damage.
The orc wizard casts a spell at you. The magic dart hits you!
You die...

#..........#
#..........
#######....#
#.........# #....#
#...(...#.#
########....#
#.......#.#
#......'....#
#.......#..
#.######....#
##.####.#..
#.........# #. #.#..
#.####....##########
#.##.
#.......o@.[......
#. #+
#..#....####....##
#.##...## ...#
............+ ....
#####...oo#### .##
........ ..
###.....## # #.....#
#.(...#


You could see an orc wizard.

Vanquished Creatures
  A scorpion (D:4)
  An orc priest (D:4)
  Ijyb (D:3)
  An iguana (D:4)
  A worker ant (D:4)
  Terence (D:3)
  2 gnolls
  2 adders
  2 oozes
  2 worms
  4 dart slugs
  2 leopard geckos
  4 orcs
  7 bats
  4 giant cockroaches
  4 goblins
  11 hobgoblins
  4 jackals (D:3)
  2 quokkas (D:2)
  7 frilled lizards
  9 kobolds
  4 rats
76 creatures vanquished.

Notes
Turn   | Place    | Note
-------+----------+-------------------------------------------
     0 | D:1      | esc the Spriggan Enchanter began the quest for the Orb.
     0 | D:1      | Reached XP level 1. HP: 9/9 MP: 5/5
   244 | D:1      | Reached XP level 2. HP: 11/14 MP: 6/6
   260 | D:1      | Learned a level 2 spell: Ensorcelled Hibernation
   586 | D:1      | Reached skill level 1 in Fighting
   586 | D:1      | Reached XP level 3. HP: 18/18 MP: 5/8
   672 | D:1      | Learned a level 3 spell: Confuse
  1196 | D:2      | Reached skill level 5 in Stealth
  1280 | D:2      | Reached skill level 3 in Spellcasting
  1379 | D:2      | Reached skill level 2 in Short Blades
  1424 | D:2      | Reached XP level 4. HP: 18/22 MP: 1/9
  1612 | D:2      | Found a shadowy altar of Dithmenos.
  1922 | D:3      | Found a faded altar of an unknown god.
  1935 | D:3      | Became a worshipper of Ru the Awakened
  1942 | D:3      | Noticed Ijyb
  1954 | D:3      | Gained mutation: You are missing an eye, making it more difficult to aim. [Ru sacrifice]
  2035 | D:3      | Killed Ijyb
  2035 | D:3      | Reached skill level 4 in Hexes
  2338 | D:3      | Noticed Terence
  2356 | D:3      | Killed Terence
  2356 | D:3      | Reached skill level 4 in Dodging
  2356 | D:3      | Reached XP level 5. HP: 21/26 MP: 3/11
  2722 | D:3      | Found a snail-covered altar of Cheibriados.
  2840 | D:3      | Found an iron altar of Okawaru.
  3116 | D:4      | Reached skill level 6 in Stealth
  3247 | D:4      | Reached skill level 2 in Fighting
  3314 | D:4      | Noticed Azzok's ghost (amateur GrFi)
  3324 | D:4      | Reached XP level 6. HP: 30/30 MP: 1/12
  3529 | D:4      | HP: 7/30 [orc wizard/magic dart (3)]
  3536 | D:4      | HP: 7/30 [orc wizard/magic dart (4)]
  3542 | D:4      | Killed from afar by an orc wizard

Skill      XL: |  1  2  3  4  5 |
---------------+----------------+-----
Fighting       | 1 2 |  2.1
Stealth        | 5 6 |  6.2
Spellcasting   | 3 |  3.7
Short Blades   | 2 |  2.8
Hexes          | 4 |  4.4
Dodging        | 4 |  4.6

Action                   |  1- 3 |  4- 6 || total
-------------------------+-------+-------++-------
Melee: Dagger            |   118 |   146 ||   264
 Cast: Corona            |     1 |       ||     1
       Ensorcelled Hiber |    26 |    53 ||    79
       Confuse           |       |     3 ||     3
Invok: Sacrifice an Eye  |       |     1 ||     1
  Use: Scroll            |     4 |     8 ||    12
       Potion            |       |     1 ||     1
 Stab: Sleeping          |    21 |    34 ||    55
       Confused          |       |     1 ||     1
  Eat: Bread ration      |       |     1 ||     1
Armor: Robe              |    27 |    23 ||    50
Dodge: Dodged            |    86 |   113 ||   199

Vault maps used:
D:1:      evilmike_arrival_home_sweet_home
D:2:      minmay_strange_pillars, st_stairs_11, grunt_dithmenos_smoke
D:3:      marbit_many_paths, ecumenical_altar_1, okawaru_altar_gauntlet_db,
          uniq_iyjb, uniq_terence
D:4:      first_bread

Table legend:
 A = Turns spent in this place as a percentage of turns spent in the entire game.
 B = Non-inter-level travel turns spent in this place as a percentage of non-inter-level travel turns spent in the entire game.
 C = Inter-level travel turns spent in this place as a percentage of turns spent in this place.
 D = Turns resting spent in this place as a percentage of non-inter-level travel turns spent in this place.
 E = Turns spent auto-exploring this place as a percentage of non-inter-level travel turns spent in this place.
 F = Non-inter-level travel turns spent in this place divided by the number of levels of this place that you've seen.
                   A       B       C       D       E      F
               +-------+-------+-------+-------+-------+----------------------
         Total | 100.0 | 100.0 |   0.2 |   3.1 |   7.4 | 300.8
       Dungeon | 100.0 | 100.0 |   0.2 |   3.1 |   7.4 | 300.8
               +-------+-------+-------+-------+-------+----------------------

Table legend:
 A = Kills in this place as a percentage of kills in entire the game.
 B = Kills by you in this place as a percentage of kills by you in the entire game.
 C = Kills by friends in this place as a percentage of kills by friends in the entire game.
 D = Other kills in this place as a percentage of other kills in the entire game.
 E = Experience gained in this place as a percentage of experience gained in the entire game.
 F = Experience gained in this place divided by the number of levels of this place that you have seen.
                   A       B       C       D       E      F
               +-------+-------+-------+-------+-------+----------------------
         Total | 100.0 | 100.0 |  -nan |  -nan | 100.0 | 111.5
       Dungeon | 100.0 | 100.0 |  -nan |  -nan | 100.0 | 111.5
               +-------+-------+-------+-------+-------+----------------------
